 Dungeon Crawl Stone Soup version 0.25.1-2-g60ff931df9 (webtiles) character file.

Game seed: 13804855685253147454

1408 gruber the Tainter (level 8, -3/46 HPs)
             Began as an Octopode Venom Mage on Sept 21, 2020.
             Was an Initiate of Vehumet.
             Slain by a wight
             ... wielding a +2 hand axe
              (9 damage)
             ... on level 7 of the Dungeon on Sept 22, 2020.
             The game lasted 00:15:10 (8821 turns).

gruber the Tainter (Octopode Venom Mage)            Turns: 8821, Time: 00:15:10

Health: -3/46      AC:  1    Str:  8    XL:     8   Next: 70%
Magic:  6/11       EV: 13    Int: 19    God:    Vehumet [......]
Gold:   189        SH:  4    Dex: 12    Spells: 0/11 levels left

rFire    . . .     SeeInvis .   p - +3 war axe
rCold    + . .     Gourm    .   l - +0 buckler
rNeg     + . .     Faith    .   (helmet restricted)
rPois    .         Spirit   .   (no amulet)
rElec    .         Reflect  .   i - ring of flight
rCorr    .         Harm     .   r - ring of protection from cold
MR       .....                  d - ring of positive energy
Stlth    +++.......             (no ring)
HPRegen  0.15/turn              (no ring)
MPRegen  0.12/turn              (no ring)
                                (no ring)
                                (no ring)

@: very slightly contaminated, lightly drained
A: almost no armour, stealthy swim, amphibious, 8 rings, constrict 8, camouflage
1, gelatinous body 1
a: Renounce Religion, Evoke Flight


You were on level 7 of the Dungeon.
You worshipped Vehumet.
Vehumet was noncommittal.
You were not hungry.

You visited 2 branches of the dungeon, and saw 8 of its levels.

You collected 294 gold pieces.
You spent 105 gold pieces at shops.

Inventory:

Hand Weapons
 k - a +0 rapier
 o - a +1 dagger of holy wrath
 p - a +3 war axe (weapon)
Armour
 l - a +0 buckler (worn)
Jewellery
 d - a ring of positive energy (on tentacle)
 i - a ring of flight (left tentacle)
 r - a ring of protection from cold (right tentacle)
Wands
 n - a wand of paralysis (5)
 s - a wand of polymorph (9)
Scrolls
 e - 2 scrolls of blinking
 f - 2 scrolls of amnesia {unknown}
 g - 2 scrolls of fog {unknown}
 h - 4 scrolls of remove curse
 j - 2 scrolls of immolation {unknown}
 q - a scroll of teleportation {unknown}
 t - a scroll of fear {unknown}
 u - a scroll of random uselessness {unknown}
Potions
 a - 3 potions of resistance
 c - 4 potions of haste
 m - a potion of berserk rage
 v - 2 potions of might
Comestibles
 b - 14 rations
 w - a chunk of flesh


   Skills:
 - Level 7.2(6.7) Axes
 - Level 2.0(1.6) Dodging
 - Level 2.6(2.2) Stealth
 - Level 4.2(3.7) Shields
 - Level 2.0(1.6) Spellcasting
 - Level 1.0(0.6) Transmutations
 * Level 8.0(7.5) Poison Magic


You couldn't memorise any spells.
You knew the following spells:

 Your Spells              Type           Power        Failure   Level  Hunger
a - Sting                 Tmut/Pois      ###.         3%          1    #......
b - Mephitic Cloud        Conj/Pois/Air  ##......     19%         3    ###....
c - Olgreb's Toxic Radia  Pois           ####....     8%          4    #####..
d - Ignite Poison         Fire/Tmut/Pois ##......     17%         3    ###....

Your spell library contained the following spells:

 Spells                   Type           Power        Failure   Level  Hunger
 Poisonous Vapours        Pois/Air       ###...       6%          2    ###....
 Animate Skeleton         Necr           N/A          19%         1    #......
 Apportation              Tloc           #.....       19%         1    #......
 Corona                   Hex            #......      19%         1    #......
 Summon Small Mammal      Summ           #...         19%         1    #......


Dungeon Overview and Level Annotations

Branches:
Dungeon (7/15)             Temple (1/1) D:7

Altars:
Ashenzari
Cheibriados
Dithmenos
Gozag
Hepliaklqana
Kikubaaqudgha
Nemelex Xobeh
Okawaru
Trog
Vehumet
Wu Jian
Xom
Yredelemnul
Zin
The Shining One

Shops:
D:4 (?(=(

Annotations:
D:7 1 runed translucent door, Farlane's ghost, novice DEFE


Innate Abilities, Weirdness & Mutations

You cannot wear most types of armour.
You are very stealthy in the water. (Stealth+)
You are amphibious.
You can wear up to eight rings at the same time.
You can use your tentacles to constrict eight enemies at once.
Your skin changes colour to match your surroundings (Stealth+).
Your rubbery body absorbs attacks. (AC +1, EV +1)


Message History

You choke on the stench!
You are more confused.
The wight hits you with a +2 hand axe!
You bump into the rock wall.
You are engulfed in noxious fumes.
You choke on the stench!
You are more confused.
You're too confused to move!
The wight hits you with a +2 hand axe! You partially resist.
You feel drained.
You bump into the rock wall.
The wight barely misses you.
You hit the wight.
The wight is moderately damaged.
The wight hits you with a +2 hand axe. You partially resist.
You feel drained.
You bump into the rock wall.
The wight hits you with a +2 hand axe!
* * * LOW HITPOINT WARNING * * *
You partially resist.
You feel drained.
* * * LOW HITPOINT WARNING * * *
You bump into the rock wall.
You feel less confused. The wight hits you with a +2 hand axe!
You die...

## .## ..## ...# .÷.#
...######### ...........####
.#########....######## ##
####...@zz..##########
######.............#
##..##..........#
########..###..........#
..#######....†..z####..........#
..........#######..............#
F.................#............#
....##########.........÷.......#
... ##......#.#...........#


You could see 2 wights.

Vanquished Creatures
  Prince Ribbit (D:7)
  An ice beast (D:6)
  An ogre (D:5)
  2 centaurs
  Blork the orc (D:4)
  A bullfrog (D:7)
  A howler monkey (D:4)
  7 crimson imps
  2 bullfrog zombies
  An orc priest (D:3)
  An iguana (D:7)
  3 orc wizards
  4 worker ants
  A worker ant zombie (D:6)
  A howler monkey zombie (D:5)
  3 adders
  A howler monkey skeleton (D:5)
  2 shadow imps
  An ooze (D:5)
  5 worms
  4 dart slugs
  3 leopard geckos (D:6)
  9 orcs
  6 bats
  7 giant cockroaches
  3 goblins
  4 hobgoblins
  5 kobolds
  5 quokkas
  6 frilled lizards
  A jackal zombie (D:5)
  A leopard gecko skeleton (D:5)
  A quokka zombie (D:6)
  7 rats
102 creatures vanquished.

Notes
Turn   | Place    | Note
-------+----------+-------------------------------------------
     0 | D:1      | gruber the Octopode Venom Mage began the quest for the Orb.
     0 | D:1      | Reached XP level 1. HP: 11/11 MP: 3/3
   290 | D:1      | Reached skill level 4 in Poison Magic
   637 | D:1      | Reached XP level 2. HP: 17/17 MP: 3/5
  1397 | D:2      | Reached XP level 3. HP: 8/21 MP: 4/6
  1400 | D:2      | Reached skill level 5 in Poison Magic
  1958 | D:2      | Learned a level 3 spell: Mephitic Cloud
  2563 | D:3      | Reached skill level 6 in Poison Magic
  2563 | D:3      | Reached XP level 4. HP: 8/27 MP: 0/7
  3138 | D:3      | Reached XP level 5. HP: 21/31 MP: 8/8
  3241 | D:3      | Learned a level 4 spell: Olgreb's Toxic Radiance
  3635 | D:4      | Found Kuosap's Magic Scroll Shop.
  3638 | D:4      | Bought a scroll of blinking for 105 gold pieces
  3652 | D:4      | Noticed Blork the orc
  3664 | D:4      | Killed Blork the orc
  3664 | D:4      | Reached skill level 7 in Poison Magic
  3758 | D:4      | Paralysed by an orc wizard for 6 turns
  3769 | D:4      | Reached skill level 1 in Shields
  3769 | D:4      | Reached XP level 6. HP: 22/36 MP: 1/9
  3793 | D:5      | Entered Level 5 of the Dungeon
  3930 | D:4      | Found Wuc Zyil's Antique Weapon Shop.
  4003 | D:4      | Noticed a moth of wrath
  4006 | D:4      | Found a bloodstained altar of Trog.
  4375 | D:4      | Found Ukiwua's Jewellery Emporium.
  4485 | D:4      | Found Kilosm's Antique Weapon Boutique.
  4669 | D:4      | Found Giukhei's Weapon Shoppe.
  4692 | D:4      | Noticed a phantom
  5210 | D:5      | Reached XP level 7. HP: 19/41 MP: 10/10
  7389 | D:6      | Reached XP level 8. HP: 46/46 MP: 11/11
  7421 | D:6      | Reached skill level 5 in Axes
  7559 | D:6      | Found a shimmering altar of Xom.
  7564 | D:6      | Learned a level 3 spell: Ignite Poison
  7936 | D:7      | Noticed Prince Ribbit
  7939 | D:7      | Killed Prince Ribbit
  8074 | D:7      | Found a staircase to the Ecumenical Temple.
  8097 | Temple   | Entered the Ecumenical Temple
  8330 | Temple   | Became a worshipper of Vehumet
  8545 | D:7      | Found a runed translucent door.
  8545 | D:7      | Found a shimmering altar of Xom.
  8545 | D:7      | Noticed Farlane's ghost (novice DEFE)
  8755 | D:7      | Reached skill level 8 in Poison Magic
  8821 | D:7      | Slain by a wight

Illustrated notes

Levels and vault maps discovered:
D:1:      minmay_arrival_diagonal_passages, layout_rooms
D:2:      layout_rooms
D:3:      layout_rooms
D:4:      layout_rooms, serial_shops, kennysheep_little_box,
          nicolae_shop_behind_doors, kennysheep_mini, shop, nicolae_shop_stone,
          nrook_loot_triangle, chequers_serial_rivers_micro_c, tgw_trog,
          uniq_blork_the_orc
D:5:      layout_loops_cross, first_ration
D:6:      layout_basic, lemuel_doored_altar, supply_closet_lemuel,
          kennysheep_generic_room_5
D:7:      cheibrodos_quashed, layout_rooms, minmay_temple_entry_slanted,
          ebering_ghost_xom, grunt_ogre_cave, uniq_prince_ribbit1
Temple:   roderic_octagonal_lattice_temple

Skill      XL: |  1  2  3  4  5  6  7  8 |
---------------+-------------------------+-----
Poison Magic   | 4 6 7 8 |  8.0
Shields        | 1 4 |  4.2
Axes           | 4 7 |  7.2
Dodging        | |  2.0
Stealth        | |  2.6
Spellcasting   | |  2.0
Transmutations | |  1.0

Action                   |  1- 3 |  4- 6 |  7- 9 || total
-------------------------+-------+-------+-------++-------
Melee: Unarmed           |    26 |       |       ||    26
       Constrict         |    20 |    14 |    19 ||    53
       Short sword       |    21 |       |       ||    21
       Tentacles         |     8 |     8 |     8 ||    24
       Rapier            |    20 |    18 |       ||    38
       War axe           |       |    44 |    99 ||   143
 Cast: Sting             |    23 |    18 |     8 ||    49
       Olgreb's Toxic Ra |       |    14 |     3 ||    17
       Ignite Poison     |       |       |     3 ||     3
       Mephitic Cloud    |       |       |     2 ||     2
  Use: Scroll            |       |       |     5 ||     5
 Stab: Sleeping          |     8 |     3 |    13 ||    24
  Eat: Chunk             |     5 |     7 |    11 ||    23
       Ration            |       |     1 |     1 ||     2
Armor: Skin              |     9 |     5 |     7 ||    21
Dodge: Dodged            |    57 |    36 |    53 ||   146
Block: Buckler           |       |    12 |    15 ||    27
